 Dungeon Crawl Stone Soup version 0.27-a0-1299-g1ab19c6527 (webtiles) character file.

Game seed: 16332733786083007944

39 mordus the Poker (level 3, -1/31 HPs)
             Began as a Minotaur Monk on June 16, 2021.
             Slain by Terence (9 damage)
             ... on level 3 of the Dungeon.
             The game lasted 00:01:14 (1276 turns).

mordus the Poker (Minotaur Monk)                    Turns: 1276, Time: 00:01:14

Health: -1/31      AC:  3    Str: 16    XL:     3   Next: 28%
Magic:  2/2        EV: 12    Int:  7    God:
Gold:   50         SH:  0    Dex: 12    Spells: 2/2 levels left

rFire    . . .     SeeInvis .   a - +0 spear
rCold    . . .     Faith    .   (no shield)
rNeg     . . .     Spirit   .   b - +0 robe
rPois    .         Reflect  .   (helmet restricted)
rElec    .         Harm     .   (no cloak)
rCorr    .         Rampage  .   (no gloves)
Will     .....                  h - +0 pair of boots
Stlth    ++........             (no amulet)
HPRegen  0.10/turn              (no ring)
MPRegen  0.08/turn              (no ring)

@: no status effects
A: horns 2, retaliatory headbutt
a: no special abilities


You were on level 3 of the Dungeon.
You visited 1 branch of the dungeon, and saw 3 of its levels.

You collected 50 gold pieces.

Inventory:

Hand Weapons
 a - a +0 spear (weapon)
Armour
 b - a +0 robe (worn)
 h - a +0 pair of boots (worn)
Jewellery
 i - an amulet of magic regeneration
Scrolls
 e - 2 scrolls of identify {unknown}
 f - a scroll of noise {unknown}
 g - a scroll of magic mapping {unknown}
 j - a scroll of fog {unknown}
 k - a scroll of brand weapon {unknown}
Potions
 c - a potion of heal wounds {unknown}
 d - a potion of degeneration {unknown}
 l - 2 potions of resistance {unknown}


   Skills:
 - Level 3.6 Fighting
 * Level 4.8 Polearms
 + Level 1.9 Armour
 - Level 3.2 Dodging
 - Level 1.5 Stealth


You had 2 spell levels left.
You didn't know any spells.
Your spell library was empty.

Dungeon Overview and Level Annotations

Branches:
Dungeon (2/15)

Altars:

Annotations:
D:3 Terence


Innate Abilities, Weirdness & Mutations

You have a pair of horns on your head.
You reflexively headbutt those who attack you in melee.


Message History

You hit Terence but do no damage. Terence hits you with a +0 flail!
You barely miss Terence. You headbutt Terence.
Terence is lightly wounded.
Terence misses you.
You barely miss Terence.
Terence is lightly wounded.
Terence closely misses you.
You hit Terence but do no damage. Your headbutt misses Terence.
Terence is lightly wounded.
Terence closely misses you. You furiously retaliate!
You headbutt Terence. You barely miss Terence. Your headbutt misses Terence.
Terence is moderately wounded.
You barely miss Terence.
Terence is moderately wounded.
Terence hits you with a +0 flail.
You hit Terence.
Terence is moderately wounded.
Terence barely misses you.
You hit Terence but do no damage. You headbutt Terence, but do no damage.
Terence is moderately wounded.
Terence hits you with a +0 flail!
* * * LOW HITPOINT WARNING * * *
You hit Terence but do no damage.
Terence is moderately wounded.
Terence barely misses you.
You hit Terence.
Terence is heavily wounded.
Terence closely misses you.
You hit Terence but do no damage.
Terence is heavily wounded.
Terence closely misses you.
You barely miss Terence. Your headbutt misses Terence.
Terence is heavily wounded.
You hit Terence but do no damage.
Terence is heavily wounded.
Terence barely misses you. You furiously retaliate!
You headbutt Terence. You barely miss Terence.
You headbutt Terence, but do no damage.
Terence is heavily wounded.
Terence hits you with a +0 flail!
You die...

####.....###.........
.....................
###.#...###.........
#.##.####.#.......
#.........##.....#
#.###########≈..##
####.### #≈..#
#......# #≈...#
#.##@#.# ##≈≈... #
#.@...... ..≈....
###.##### ##≈≈... .#
#.≈.... # .......
....... .......
#...... ##.....


You could see Terence.

Vanquished Creatures
  An adder (D:2)
  A worm (D:2)
  2 ball pythons
  An endoplasm (D:1)
  A giant cockroach (D:1)
  2 goblins (D:3)
  6 hobgoblins
  3 jackals (D:3)
  2 bats
  2 frilled lizards
  2 kobolds (D:1)
  A rat (D:3)
24 creatures vanquished.

Notes
Turn   | Place    | Note
-------+----------+-------------------------------------------
     0 | D:1      | mordus the Minotaur Monk began the quest for the Orb.
     0 | D:1      | Reached XP level 1. HP: 19/19 MP: 0/0
    65 | D:1      | Reached skill level 4 in Polearms
   248 | D:1      | Reached skill level 1 in Armour
   250 | D:1      | Reached XP level 2. HP: 24/26 MP: 1/1
  1049 | D:2      | Reached XP level 3. HP: 29/31 MP: 2/2
  1074 | D:2      | You fall into a shaft and drop 1 floor!
  1257 | D:3      | Noticed Terence
  1276 | D:3      | Slain by Terence

Illustrated notes

Levels and vault maps discovered:
D:1:      lemuel_arrival_broad_hall, layout_basic
D:2:      layout_basic
D:3:      layout_loops_corners, nicolae_tso_besieged_by_evil,
          cheibrodos_sewer_entry_bend, chequers_ecumenical_altar_island,
          chequers_serial_rivers_micro_e, minmay_unequal, uniq_terence

Skill      XL: |  1 |
---------------+----+-----
Polearms       | 4 |  4.8
Armour         | 1 |  1.9
Fighting       | |  3.6
Dodging        | |  3.2
Stealth        | |  1.5

Action                   || total
-------------------------++-------
Melee: Spear             ||    73
       Headbutt          ||    12
 Stab: Sleeping          ||     5
       Distracted        ||     1
Armor: Robe              ||     7
Dodge: Dodged            ||    28

Table legend: (Time is in decaauts)
 A = Elapsed time spent in this place.
 B = Non-inter-level travel time spent in this place.
 C = Inter-level travel time spent in this place.
 D = Time resting spent in this place.
 E = Time spent auto-exploring this place.
 F = Levels seen in this place.
 G = Mean time per level.
                   A        B        C        D        E       F      G
               +--------+--------+--------+--------+--------+-----+--------+
         Total |   1266 |   1209 |     57 |      0 |   1058 |   3 |  422.0 |
       Dungeon |   1266 |   1209 |     57 |      0 |   1058 |   3 |  422.0 |
               +--------+--------+--------+--------+--------+-----+--------+

Top non-repeatable levels by time:
     D:1: 783 daAuts
     D:2: 286 daAuts
     D:3: 197 daAuts
